 Dungeon Crawl Stone Soup version 0.22-a0-422-g9628fc8 (webtiles) character file.

86 Ijustatesigmund the Skirmisher (level 4, -1/48 HPs)
             Began as an Ogre Artificer on May 18, 2018.
             Slain by Crazy Yiuf
             ... wielding a +4 quarterstaff of chaos
              (8 damage)
             ... on level 2 of the Dungeon.
             The game lasted 00:05:41 (2784 turns).

Ijustatesigmund the Skirmisher (Ogre Artificer)     Turns: 2784, Time: 00:05:41

Health: -1/48      AC:  4    Str: 16    XL:     4   Next: 49%
Magic:  5/5        EV: 10    Int: 12    God:
Gold:   131        SH:  0    Dex: 10    Spells: 3/3 levels left

rFire    . . .     SeeInvis .   a - +0 flail
rCold    . . .     Gourm    .   (no shield)
rNeg     . . .     Faith    .   b - +1 robe
rPois    .         Spirit   .   (helmet restricted)
rElec    .         Reflect  .   (no cloak)
rCorr    .         Harm     .   (gloves unavailable)
MR       .....                  (boots unavailable)
Stlth    +.........             (no amulet)
HPRegen  0.16/turn              (no ring)
MPRegen  0.09/turn              (no ring)

@: lethally poisoned (-1 -> -6), drained
A: large, unfitting armour, tough skin 1
a: no special abilities


You were on level 2 of the Dungeon.
You were not hungry.

You visited 1 branch of the dungeon, and saw 2 of its levels.

You collected 131 gold pieces.

Inventory:

Hand Weapons
 a - a +0 flail (weapon)
Armour
 b - a +1 robe (worn)
Wands
 c - a wand of flame (15)
 d - a wand of enslavement (15)
 e - a wand of random effects (15)
 k - a wand of digging (6)
Scrolls
 h - 2 scrolls of teleportation
 i - a scroll of remove curse
Potions
 j - a potion of lignification
Comestibles
 f - 8 rations


   Skills:
 + Level 4.1(3.9) Fighting
   Level 0.8(0.6) Short Blades
 + Level 2.2(2.0) Maces & Flails
 - Level 1.7(1.5) Dodging
 - Level 0.6(0.4) Stealth
 - Level 2.4(2.2) Evocations


You had 3 spell levels left.
You didn't know any spells.
Your spell library was empty.

Dungeon Overview and Level Annotations

Branches:
Dungeon (2/15)

Altars:
Vehumet

Annotations:
D:2 Crazy Yiuf


Innate Abilities, Weirdness & Mutations

You are too large for most types of armour.
You have tough skin. (AC +1)


Message History

You hit Crazy Yiuf.
Crazy Yiuf is moderately wounded.
Crazy Yiuf hits you with a quarterstaff of chaos.
You are poisoned.
You barely miss Crazy Yiuf.
Crazy Yiuf is moderately wounded.
You feel sick.
Crazy Yiuf yells, "Two!
Island sing-song foot."
Crazy Yiuf hits you with a quarterstaff of chaos!
Crazy Yiuf freezes you.
You barely miss Crazy Yiuf.
Crazy Yiuf is moderately wounded.
Crazy Yiuf grits, "Race!"
Crazy Yiuf hits you with a quarterstaff of chaos!
* * * LOW HITPOINT WARNING * * *
You hit Crazy Yiuf but do no damage.
Crazy Yiuf is moderately wounded.
You feel sick. Crazy Yiuf barely misses you.
Crazy Yiuf hits you with a quarterstaff of chaos!
You die...

########## .[.......#
#### ♣♣#### _........#
#)..#♣♣ ♣♣..#.##
.........#
#..g@.♣♣♣♣......#
.........##
#...#♣..♣.......#
..........# ####
♣♣♣.♣...#..#
.........## ♣♣♣♣♣##.###
....()...# #...##
.>....(..# ###########
###..### ...([..((#
#.........# ##....
..#####.#####.........#
#..## ..#
#.(...#.........# ####


You could see Crazy Yiuf.

Vanquished Creatures
  2 adders
  An ooze (D:2)
  2 dart slugs
  2 leopard geckos
  3 orcs (D:2)
  2 giant cockroaches
  8 goblins
  8 hobgoblins
  4 jackals (D:1)
  5 kobolds
  A quokka (D:2)
  3 bats
  3 frilled lizards
  9 rats
53 creatures vanquished.

Notes
Turn   | Place    | Note
-------+----------+-------------------------------------------
     0 | D:1      | Ijustatesigmund the Ogre Artificer began the quest for the Orb.
     0 | D:1      | Reached XP level 1. HP: 19/19 MP: 2/2
   191 | D:1      | Reached skill level 2 in Fighting
   498 | D:1      | Reached XP level 2. HP: 18/29 MP: 3/3
   959 | D:1      | Reached skill level 1 in Maces & Flails
   981 | D:1      | Reached skill level 3 in Fighting
  1437 | D:1      | Reached XP level 3. HP: 35/37 MP: 4/4
  2071 | D:2      | Reached XP level 4. HP: 24/48 MP: 5/5
  2322 | D:2      | Reached skill level 4 in Fighting
  2500 | D:2      | Found a radiant altar of Vehumet.
  2774 | D:2      | Found a runed door.
  2778 | D:2      | Noticed Crazy Yiuf
  2784 | D:2      | Slain by Crazy Yiuf

Vault maps used:
D:1:      dpeg_arrival_renting, minmay_heptomino_d4
D:2:      overflow_temple_1_default, uniq_crazy_yiuf_cottage

Skill      XL: |  1  2  3  4 |
---------------+-------------+-----
Fighting       | 2 3 4 |  4.1
Maces & Flails | 1 2 |  2.2
Short Blades   | |  0.8
Dodging        | |  1.7
Stealth        | |  0.6
Evocations     | |  2.4

Action                   |  1- 3 |  4- 6 || total
-------------------------+-------+-------++-------
Melee: Mace              |   133 |    13 ||   146
       Short sword       |    12 |       ||    12
       Flail             |       |    38 ||    38
  Use: Scroll            |     4 |     2 ||     6
       Potion            |     1 |       ||     1
  Eat: Chunk             |     4 |     2 ||     6
Armor: Robe              |    71 |     9 ||    80
Dodge: Dodged            |    95 |    23 ||   118

Table legend:
 A = Spawn XP
 B = Non-spawn XP
 C = Spawn XP percentage of total XP
 D = Spawn monster count
 E = Non-spawn monster count
 F = Spawn count percentage of total count
 G = Total turns spent on level
                    A         B        C        D         E        F      G
               +---------+---------+-------+---------+---------+-------+---------
         Total |       0 |     123 |   0.0 |       0 |      53 |   0.0 |  2784
               +---------+---------+-------+---------+---------+-------+---------
           D:1 |       0 |      56 |   0.0 |       0 |      25 |   0.0 |  1988
           D:2 |       0 |      67 |   0.0 |       0 |      28 |   0.0 |   796
               +---------+---------+-------+---------+---------+-------+---------
